TOP OF THE 1ST |
Scranton Supernovas batting - Pitching for Bloomington Longnecks : LHP Marcos Tejedor
|
Pitching: LHP Marcos Tejedor
|
|
Batting: RHB Mike Pate
|
0-0: Ball 1-0: Called Strike 1-1: Called Strike 1-2: Strikes out looking
|
Batting: RHB José Bravo
|
0-0: Called Strike 0-1: Ball 1-1: Foul Ball, location: 2F 1-2: Ball 2-2: Strikes out looking
|
Batting: RHB José Rodríguez
|
0-0: Called Strike 0-1: Foul Ball, location: 2F 0-2: Foul Ball, location: 2F 0-2: Fly out, F4 (Popup, 4)
|
Top of the 1st over - 0 runs, 0 hits, 0 errors, 0 left on base; Scranton 0 - Bloomington 0 |
BOTTOM OF THE 1ST |
Bloomington Longnecks batting - Pitching for Scranton Supernovas : RHP Kent Horton
|
Pitching: RHP Kent Horton
|
|
Batting: SHB Benedict Patel
|
0-0: Swinging Strike 0-1: Foul Ball, location: 2F 0-2: Ball 1-2: Foul Ball, location: 2F 1-2: Ball 2-2: Fly out, F9 (Flyball, 9S)
|
Batting: RHB Yu-shu Tseng
|
0-0: Called Strike 0-1: Ball 1-1: Ground out 5-3 (Groundball, 5S)
|
Batting: RHB Carlos Cardona
|
0-0: Swinging Strike 0-1: Ball 1-1: Ground out 3-1 (Groundball, 34)
|
Bottom of the 1st over - 0 runs, 0 hits, 0 errors, 0 left on base; Scranton 0 - Bloomington 0 |
TOP OF THE 2ND |
Scranton Supernovas batting - Pitching for Bloomington Longnecks : LHP Marcos Tejedor
|
Batting: RHB Felipe Bruno
|
0-0: Ball 1-0: SINGLE (Groundball, 34D)
|
Batting: LHB Chase Popoff
|
0-0: Called Strike 0-1: Foul Ball, location: 2F 0-2: Ball 1-2: Ball 2-2: Ball 3-2: Foul Ball, location: 2F 3-2: Foul Ball, location: 2F 3-2: Foul Ball, location: 2F 3-2: Base on Balls Felipe Bruno to second
|
Batting: SHB Carlos Sánchez
|
0-0: Ball 1-0: Ball 2-0: Ball 3-0: Base on Balls Felipe Bruno to third Chase Popoff to second
|
Batting: LHB Hai-feng Tang
|
0-0: Fly out, F7 (Flyball, 7LS) Runner from 3rd tags up, SCORES, no throw
|
Batting: RHB Rodrigo Lugo
|
0-0: Grounds into double play, 6-4-3 (Groundball, 56)
|
Top of the 2nd over - 1 run, 1 hit, 0 errors, 1 left on base; Scranton 1 - Bloomington 0 |
BOTTOM OF THE 2ND |
Bloomington Longnecks batting - Pitching for Scranton Supernovas : RHP Kent Horton
|
Batting: RHB Miguel Elías
|
0-0: Ball 1-0: Swinging Strike 1-1: Ball 2-1: Ball 3-1: Base on Balls
|
Batting: RHB Stephen Chávez
|
0-0: Foul Ball, location: 2F 0-1: Foul Ball, location: 2F 0-2: Ball 1-2: Foul Ball, location: 2F 1-2: Ball 2-2: Fly out, F3 (Popup, 3F)
|
Batting: RHB Mike Mays
|
0-0: Called Strike 0-1: Ball 1-1: Ball 2-1: Foul Ball, location: 2F 2-2: Foul Ball, location: 2F 2-2: Ground out 5-3 (Groundball, 56S) Miguel Elías to second
|
Batting: RHB Sébastien Bernard
|
0-0: Foul Ball, location: 2F 0-1: Ball 1-1: Swinging Strike 1-2: Ball 2-2: Fly out, F5 (Popup, 56S)
|
Bottom of the 2nd over - 0 runs, 0 hits, 0 errors, 1 left on base; Scranton 1 - Bloomington 0 |
TOP OF THE 3RD |
Scranton Supernovas batting - Pitching for Bloomington Longnecks : LHP Marcos Tejedor
|
Batting: RHB Miguel Canales
|
0-0: Ball 1-0: Ball 2-0: Ball 3-0: Base on Balls
|
Batting: RHB Mike Pate
|
0-0: Ball 1-0: DOUBLE (Line Drive, 3D) Miguel Canales to third
|
Batting: RHB José Bravo
|
0-0: Ball 1-0: Foul Ball, location: 2F 1-1: Ball 2-1: Foul Ball, location: 2F 2-2: Foul Ball, location: 2F 2-2: Strikes out swinging
|
Batting: RHB José Rodríguez
|
0-0: Ball 1-0: Foul Ball, location: 2F 1-1: Ball 2-1: Ball Wild Pitch! Miguel Canales scores Mike Pate to third 3-1: Base on Balls
|
Batting: RHB Felipe Bruno
|
0-0: Swinging Strike 0-1: Ball 1-1: Ball 2-1: Called Strike 2-2: Ball 3-2: Ground out 5-3 (Groundball, 5S) Mike Pate scores José Rodríguez to second
|
Batting: LHB Chase Popoff
|
0-0: Ball 1-0: Called Strike 1-1: Fly out, F2 (Popup, 5SF)
|
Top of the 3rd over - 2 runs, 1 hit, 0 errors, 1 left on base; Scranton 3 - Bloomington 0 |
BOTTOM OF THE 3RD |
Bloomington Longnecks batting - Pitching for Scranton Supernovas : RHP Kent Horton
|
Batting: RHB Rob Gray
|
0-0: Swinging Strike 0-1: Fly out, F9 (Flyball, 9)
|
Batting: RHB Eun-bum Kim
|
0-0: Ball 1-0: Ball 2-0: Ball 3-0: Called Strike 3-1: Foul Ball, location: 2F 3-2: Foul Ball, location: 2F 3-2: Foul Ball, location: 2F 3-2: Ground out 5-3 (Groundball, 56)
|
Batting: SHB Benedict Patel
|
0-0: Ball 1-0: Called Strike 1-1: Ball 2-1: Ball 3-1: Base on Balls
|
Batting: RHB Yu-shu Tseng
|
0-0: Ball 1-0: Ball 2-0: Called Strike 2-1: Ball 3-1: 2-RUN HOME RUN (Line Drive, 9LD), Distance : 344 ft
|
Batting: RHB Carlos Cardona
|
0-0: Ball 1-0: Ground out 3-1 (Groundball, 34)
|
Bottom of the 3rd over - 2 runs, 1 hit, 0 errors, 0 left on base; Scranton 3 - Bloomington 2 |
TOP OF THE 4TH |
Scranton Supernovas batting - Pitching for Bloomington Longnecks : LHP Marcos Tejedor
|
Batting: SHB Carlos Sánchez
|
0-0: Called Strike 0-1: Ball 1-1: Called Strike 1-2: SINGLE (Line Drive, 89M)
|
Batting: LHB Hai-feng Tang
|
0-0: Ball 1-0: Called Strike 1-1: Ball 2-1: Swinging Strike 2-2: SINGLE (Groundball, 6MS) (infield hit) Carlos Sánchez to second
|
Batting: RHB Rodrigo Lugo
|
0-0: Ball 1-0: Ball 2-0: Grounds into double play, 6-4-3 (Groundball, 56) Carlos Sánchez to third
|
Batting: RHB Miguel Canales
|
0-0: SINGLE (Groundball, 34D) Carlos Sánchez scores
|
Batting: RHB Mike Pate
|
0-0: Ball 1-0: Called Strike 1-1: Foul Ball, location: 2F 1-2: Ball 2-2: Ball 3-2: Foul Ball, location: 2F 3-2: Base on Balls Miguel Canales to second
|
Batting: RHB José Bravo
|
0-0: Ball 1-0: Foul Ball, location: 2F 1-1: Called Strike 1-2: 3-RUN HOME RUN (Flyball, 7LD), Distance : 369 ft
|
Pitching: LHP Gabriel Valenzuela
|
|
Batting: RHB José Rodríguez
|
0-0: Ball 1-0: Ball 2-0: Ball 3-0: Base on Balls
|
Batting: RHB Felipe Bruno
|
0-0: Ball 1-0: Called Strike 1-1: Foul Ball, location: 2F 1-2: SINGLE (Line Drive, 7S) José Rodríguez to second
|
Batting: LHB Chase Popoff
|
0-0: Called Strike 0-1: Foul Ball, location: 2F 0-2: Strikes out looking
|
Top of the 4th over - 4 runs, 5 hits, 0 errors, 2 left on base; Scranton 7 - Bloomington 2 |
BOTTOM OF THE 4TH |
Bloomington Longnecks batting - Pitching for Scranton Supernovas : RHP Kent Horton
|
Batting: RHB Miguel Elías
|
0-0: Called Strike 0-1: Called Strike 0-2: Ball 1-2: Foul Ball, location: 2F 1-2: Strikes out looking
|
Batting: RHB Stephen Chávez
|
0-0: Ball 1-0: Ball 2-0: Ball 3-0: Called Strike 3-1: Swinging Strike 3-2: Ground out 6-3 (Groundball, 6)
|
Batting: RHB Mike Mays
|
0-0: Called Strike 0-1: Ball 1-1: Swinging Strike 1-2: Ball 2-2: Fly out, F2 (Popup, 2RF)
|
Bottom of the 4th over - 0 runs, 0 hits, 0 errors, 0 left on base; Scranton 7 - Bloomington 2 |
TOP OF THE 5TH |
Scranton Supernovas batting - Pitching for Bloomington Longnecks : LHP Gabriel Valenzuela
|
Batting: SHB Carlos Sánchez
|
0-0: Called Strike 0-1: Swinging Strike 0-2: Foul Ball, location: 2F 0-2: Hit by Pitch
|
Batting: LHB Hai-feng Tang
|
0-0: Ball 1-0: Ball 2-0: Called Strike 2-1: Ball 3-1: Foul Ball, location: 2F 3-2: 2-RUN HOME RUN (Flyball, 9D), Distance : 339 ft
|
Batting: RHB Rodrigo Lugo
|
0-0: Ball 1-0: Called Strike 1-1: Called Strike 1-2: Strikes out swinging
|
Batting: RHB Miguel Canales
|
0-0: Called Strike 0-1: Swinging Strike 0-2: Strikes out swinging
|
Batting: RHB Mike Pate
|
0-0: Called Strike 0-1: Fly out, F9 (Flyball, 9D)
|
Top of the 5th over - 2 runs, 1 hit, 0 errors, 0 left on base; Scranton 9 - Bloomington 2 |
BOTTOM OF THE 5TH |
Bloomington Longnecks batting - Pitching for Scranton Supernovas : RHP Kent Horton
|
Batting: RHB Sébastien Bernard
|
0-0: Ball 1-0: Foul Ball, location: 2F 1-1: SINGLE (Groundball, 56D)
|
Batting: RHB Rob Gray
|
0-0: Ball 1-0: Called Strike 1-1: Ball 2-1: Reached on error, E5 (Groundball, 56S) Sébastien Bernard to third
|
Batting: RHB Eun-bum Kim
|
0-0: Called Strike 0-1: Fly out, F8 (Flyball, 8RS) Runner from 3rd tags up, OUT at HOME Rob Gray to third
|
Batting: SHB Benedict Patel
|
0-0: Called Strike 0-1: Ball 1-1: Ball 2-1: Foul Ball, location: 2F 2-2: Ball Wild Pitch! Rob Gray scores 3-2: SOLO HOME RUN (Flyball, 9D), Distance : 335 ft
|
Batting: RHB Yu-shu Tseng
|
0-0: Called Strike 0-1: Ball 1-1: Called Strike 1-2: Ground out 6-3 (Groundball, 6)
|
Bottom of the 5th over - 2 runs, 2 hits, 1 error, 0 left on base; Scranton 9 - Bloomington 4 |
TOP OF THE 6TH |
Scranton Supernovas batting - Pitching for Bloomington Longnecks : LHP Gabriel Valenzuela
|
Batting: RHB José Bravo
|
0-0: Ball 1-0: Swinging Strike 1-1: Fly out, F9 (Flyball, 9S)
|
Batting: RHB José Rodríguez
|
0-0: Ball 1-0: Ball 2-0: Called Strike 2-1: Foul Ball, location: 2F 2-2: Strikes out looking
|
Batting: RHB Felipe Bruno
|
0-0: Ball 1-0: Ball 2-0: Called Strike 2-1: SINGLE (Line Drive, 8RS)
|
Batting: LHB Chase Popoff
|
0-0: Foul Ball, location: 2F 0-1: Ball 1-1: Called Strike 1-2: Strikes out swinging
|
Top of the 6th over - 0 runs, 1 hit, 0 errors, 1 left on base; Scranton 9 - Bloomington 4 |
BOTTOM OF THE 6TH |
Bloomington Longnecks batting - Pitching for Scranton Supernovas : RHP Kent Horton
|
Batting: RHB Carlos Cardona
|
0-0: Swinging Strike 0-1: Ball 1-1: Fly out, F9 (Flyball, 9LMF)
|
Batting: RHB Miguel Elías
|
0-0: Ball 1-0: Called Strike 1-1: SINGLE (Flyball, 8RS)
|
Batting: RHB Stephen Chávez
|
0-0: Ball 1-0: Ball 2-0: Swinging Strike 2-1: Grounds into double play, 5-4-3 (Groundball, 56)
|
Bottom of the 6th over - 0 runs, 1 hit, 0 errors, 0 left on base; Scranton 9 - Bloomington 4 |
TOP OF THE 7TH |
Scranton Supernovas batting - Pitching for Bloomington Longnecks : LHP Gabriel Valenzuela
|
Batting: SHB Carlos Sánchez
|
0-0: Ground out 5-3 (Groundball, 56S)
|
Batting: LHB Hai-feng Tang
|
0-0: Ball 1-0: Called Strike 1-1: Called Strike 1-2: Ball 2-2: Ball 3-2: Ground out U3 (Groundball, 3)
|
Batting: RHB Rodrigo Lugo
|
0-0: Called Strike 0-1: Fly out, F9 (Flyball, 9D)
|
Top of the 7th over - 0 runs, 0 hits, 0 errors, 0 left on base; Scranton 9 - Bloomington 4 |
BOTTOM OF THE 7TH |
Bloomington Longnecks batting - Pitching for Scranton Supernovas : RHP Kent Horton
|
Batting: RHB Mike Mays
|
0-0: Called Strike 0-1: Foul Ball, location: 2F 0-2: Ball 1-2: Ball 2-2: Ball 3-2: Strikes out looking
|
Batting: RHB Sébastien Bernard
|
0-0: Ground out 6-3 (Groundball, 6S)
|
Batting: RHB Rob Gray
|
0-0: Ball 1-0: Fly out, F9 (Flyball, 89D)
|
Bottom of the 7th over - 0 runs, 0 hits, 0 errors, 0 left on base; Scranton 9 - Bloomington 4 |
TOP OF THE 8TH |
Scranton Supernovas batting - Pitching for Bloomington Longnecks : LHP Gabriel Valenzuela
|
Batting: RHB Miguel Canales
|
0-0: Swinging Strike 0-1: Foul Ball, location: 2F 0-2: Ball 1-2: Strikes out swinging
|
Batting: RHB Mike Pate
|
0-0: Reached on error, E4 (Groundball, 4)
|
Batting: RHB José Bravo
|
0-0: Called Strike 0-1: Ball 1-1: Ball 2-1: Swinging Strike 2-2: Foul Ball, location: 2F 2-2: Fielders Choice at 2nd, 6-4 (Groundball, 56)
|
Pitching: LHP Anaías Pedroza
|
|
Batting: RHB José Rodríguez
|
0-0: Swinging Strike 0-1: Ball 1-1: Swinging Strike 1-2: Foul Ball, location: 2F 1-2: Ball 2-2: Foul Ball, location: 2F 2-2: Ball 3-2: Foul Ball, location: 2F 3-2: Strikes out swinging
|
Top of the 8th over - 0 runs, 0 hits, 1 error, 1 left on base; Scranton 9 - Bloomington 4 |
BOTTOM OF THE 8TH |
Bloomington Longnecks batting - Pitching for Scranton Supernovas : RHP Kent Horton
|
Pitching: RHP Boyd Brennan
|
|
Batting: RHB Eun-bum Kim
|
0-0: Foul Ball, location: 2F 0-1: Foul Ball, location: 2F 0-2: Strikes out looking
|
Batting: SHB Benedict Patel
|
0-0: Ball 1-0: Foul Ball, location: 2F 1-1: Foul Ball, location: 2F 1-2: Fly out, F9 (Flyball, 9D)
|
Batting: RHB Yu-shu Tseng
|
0-0: Ground out 6-3 (Groundball, 6)
|
Bottom of the 8th over - 0 runs, 0 hits, 0 errors, 0 left on base; Scranton 9 - Bloomington 4 |
TOP OF THE 9TH |
Scranton Supernovas batting - Pitching for Bloomington Longnecks : LHP Anaías Pedroza
|
Batting: RHB Felipe Bruno
|
0-0: Foul Ball, location: 2F 0-1: Ball 1-1: Ball 2-1: Foul Ball, location: 2F 2-2: Strikes out swinging
|
Batting: LHB Chase Popoff
|
0-0: Called Strike 0-1: Ball 1-1: Foul Ball, location: 2F 1-2: Foul Ball, location: 2F 1-2: Ball 2-2: Foul Ball, location: 2F 2-2: Fly out, F8 (Flyball, 8LXD)
|
Batting: SHB Carlos Sánchez
|
0-0: Foul Ball, location: 2F 0-1: Called Strike 0-2: Ball 1-2: Foul Ball, location: 2F 1-2: Ball 2-2: Ball 3-2: Ground out 6-3 (Groundball, 6)
|
Top of the 9th over - 0 runs, 0 hits, 0 errors, 0 left on base; Scranton 9 - Bloomington 4 |
BOTTOM OF THE 9TH |
Bloomington Longnecks batting - Pitching for Scranton Supernovas : RHP Boyd Brennan
|
Batting: RHB Carlos Cardona
|
0-0: Ball 1-0: Ball 2-0: Swinging Strike 2-1: Ball 3-1: Base on Balls
|
Batting: RHB Miguel Elías
|
0-0: DOUBLE (Flyball, 8RXD) Carlos Cardona to third
|
Batting: RHB Stephen Chávez
|
0-0: Swinging Strike 0-1: Called Strike 0-2: Foul Ball, location: 2F 0-2: Ball 1-2: Strikes out swinging
|
Batting: RHB Mike Mays
|
0-0: Ball 1-0: Ground out 5-3 (Groundball, 56S) Carlos Cardona scores Miguel Elías to third
|
Batting: RHB Sébastien Bernard
|
0-0: Ball 1-0: Called Strike 1-1: Fly out, F8 (Flyball, 8LM)
|
Bottom of the 9th over - 1 run, 1 hit, 0 errors, 1 left on base; Scranton 9 - Bloomington 5 |
|